Map: Abyssal Reef LE

Players

Railgan

  • Race: Zerg Zerg
  • League: Grandmaster
  • Spawn Location: 11:00

Starlord - Winner!

  • Race: Protoss Protoss
  • League: Grandmaster
  • Spawn Location: 5:00

VOD

Have the link to the VOD?

Description

Time

  • Played on: March 20, 2017, 7:26 p.m.
  • Length: 17:07
Show
View Real Time Build Order
Export as new Build Order

Railgan Zerg 

Build Orders: Pool First, Swarm Host 

Get SALT Encoding   

  12  0:01  Drone  
  13  0:12  Overlord  
  13  0:17  Drone  
  14  0:31  Drone x2  
  14  0:35  Drone  
  17  0:48  Drone, Spawning Pool  
  17  0:56  Drone  
  18  0:58  Extractor  
  17  1:08  Drone  
  18  1:18  Drone  
  18  1:22  Hatchery  
  18  1:28  Drone  
  19  1:35  Queen  
  19  1:39  Zergling x2  
  22  1:50  Overlord  
  23  2:08  Drone  
  23  2:09  Metabolic Boost  
  23  2:11  Queen  
  23  2:14  Drone  
  26  2:29  Hatchery  
  25  2:30  Drone  
  25  2:33  Drone  
  27  2:40  Queen  
  29  2:46  Drone x2  
  31  2:53  Overlord  
  31  2:57  Zergling x2  
  32  3:01  Drone x2  
  34  3:06  Zergling x2  
  34  3:20  Drone, Zergling x2  
  34  3:21  Drone, Zergling x2  
  38  3:34  Drone x2  
  38  3:35  Lair  
  38  3:37  Drone x2  
  38  3:40  Overlord  
  42  3:41  Drone  
  43  3:49  Drone  
  43  3:50  Roach Warren  
  43  3:55  Drone, Overlord  
  44  4:02  Drone x3  
  47  4:05  Drone x2  
  47  4:08  Extractor  
  48  4:11  Drone  
  48  4:20  Drone  
  48  4:21  Drone  
  50  4:25  Drone x2  
  50  4:26  Drone x2  
  52  4:31  Roach  
  52  4:35  Evolution Chamber  
  52  4:37  Roach x3  
  59  4:42  Drone  
  59  4:43  Drone  
  62  4:45  Roach  
  62  4:46  Extractor, Overlord, Roach x2  
  62  4:49  Overlord  
  65  4:53  Overlord  
  65  4:55  Glial Reconstitution  
  65  4:56  Zergling x2  
  65  4:58  Overlord  
  66  5:04  Overlord  
  66  5:09  Drone x3  
  66  5:12  Drone x3  
  66  5:13  Roach  
  66  5:14  Roach  
  74  5:23  Queen  
  74  5:24  Queen  
  74  5:26  Roach  
  74  5:27  Roach  
  82  5:28  Drone  
  82  5:33  Infestation Pit  
  82  5:35  Drone x5  
  86  5:39  Extractor x2  
  86  5:40  Zerg Melee Weapons Level 1  
  86  5:41  Zergling x2  
  85  5:46  Queen  
  85  5:47  Overlord  
  85  5:49  Zergling x2  
  88  5:50  Zergling x2  
  88  5:55  Overlord  
  89  5:57  Zergling x2  
  89  5:58  Zergling x6  
  93  6:06  Overlord  
  93  6:09  Drone x7  
  96  6:16  Baneling Nest  
  93  6:20  Drone x5  
  98  6:29  Extractor, Overlord  
  98  6:30  Swarm Host  
  98  6:31  Swarm Host  
  103  6:41  Swarm Host x3  
  103  6:44  Zergling x4  
  103  6:45  Swarm Host  
  103  6:46  Hatchery  
  115  6:51  Swarm Host x3  
  123  6:54  Zergling x2  
  123  6:55  Zergling x2  
  125  7:09  Overlord  
  125  7:12  Overlord  
  125  7:18  Baneling x11  
  125  7:21  Swarm Host x3  
  134  7:23  Overlord  
  134  7:24  Zergling x6  
  134  7:25  Overlord  
  134  7:26  Overlord  
  137  7:32  Centrifical Hooks  
  137  7:34  Overseer  
  137  7:41  Swarm Host  
  140  7:45  Zergling x12  
  140  7:47  Drone, Zerg Melee Weapons Level 2  
  140  7:50  Zergling x2  
  140  7:51  Zergling x14  
  155  7:55  Spore Crawler, Zergling x2  
  149  8:12  Zergling x2  
  146  8:13  Zergling x14  
  150  8:20  Zergling x10  
  146  8:29  Drone  
  146  8:30  Drone  
  146  8:34  Queen x3  
  146  8:35  Swarm Host x5  
  146  8:40  Baneling x4  
  146  8:41  Baneling x6  
  167  8:43  Overlord  
  167  8:46  Zergling x4  
  168  8:52  Zergling x10  
  140  9:10  Zergling x4  
  140  9:11  Zergling x8  
  140  9:12  Drone x3  
  144  9:22  Drone x6  
  146  9:32  Zergling x2  
  143  9:39  Zergling x2  
  143  9:40  Zergling x6  
  143  9:42  Swarm Host x4  
  159  9:56  Zergling x8  
  159  9:57  Baneling x14  
  159  9:58  Baneling x6  
  163  10:00  Zergling x6  
  163  10:03  Overlord  
  163  10:06  Zergling x10  
  171  10:11  Zergling x2  
  171  10:12  Hatchery  
  171  10:15  Overseer, Zergling x4  
  171  10:16  Hive  
  173  10:34  Zergling x10  
  173  10:35  Overseer, Zergling x6  
  177  10:36  Zergling x2  
  171  10:44  Drone x2  
  171  10:45  Zergling x10  
  171  10:46  Drone  
  177  10:52  Drone x2  
  174  10:57  Drone x5  
  176  11:05  Spore Crawler  
  176  11:06  Zergling x2  
  176  11:09  Spire, Zergling x2  
  176  11:10  Zergling x4, Queen x3  
  175  11:32  Swarm Host x9  
  168  11:36  Zergling x2  
  185  11:40  Drone  
  185  11:53  Zerg Melee Weapons Level 3  
  185  11:55  Adrenal Glands  
  185  11:56  Zergling x2  
  185  11:57  Zergling x6  
  189  12:05  Drone  
  189  12:06  Spore Crawler  
  189  12:08  Zergling x14  
  196  12:09  Spore Crawler  
  196  12:10  Baneling x10  
  196  12:11  Baneling x6  
  196  12:13  Zergling x2  
  196  12:15  Pneumatized Carapace  
  196  12:22  Zergling x2  
  197  12:23  Zergling x6  
  192  12:36  Zergling x2  
  184  12:38  Zergling x2  
  177  12:49  Zergling x2  
  177  12:50  Zergling x6  
  177  12:51  Corruptor x2, Greater Spire  
  181  12:52  Corruptor x2  
  181  12:55  Baneling  
  181  12:56  Baneling x9  
  181  12:57  Zergling x4  
  191  13:01  Zergling x2  
  181  13:21  Zergling x12  
  171  13:30  Zergling x6  
  171  13:31  Zergling x2  
  164  13:38  Zergling x16  
  169  13:47  Corruptor x3  
  175  13:49  Overseer  
  175  13:50  Overseer  
  175  13:54  Baneling  
  175  13:55  Baneling x12  
  175  14:02  Brood Lord x4  
  183  14:04  Corruptor  
  183  14:05  Zergling x8  
  183  14:07  Drone x2  
  183  14:08  Extractor  
  183  14:09  Extractor  
  189  14:11  Zergling x4  
  191  14:18  Corruptor  
  191  14:19  Hatchery, Zergling x4  
  192  14:44  Zergling x18  
  195  14:47  Drone x7  
  195  14:50  Drone x3  
  198  14:54  Drone  
  199  15:04  Overlord  
  199  15:12  Baneling x12  
  196  15:26  Zergling x2  
  196  15:27  Zergling x26  
  175  15:31  Zergling x2  
  175  15:32  Zergling x4  
  167  15:36  Drone  
  167  15:37  Drone  
  161  15:43  Drone x6  
  161  15:46  Zergling x2  
  161  15:49  Drone  
  164  15:50  Drone x3  
  164  15:54  Drone x2  
  166  16:00  Drone  
  166  16:01  Drone x3  
  170  16:09  Zergling x4  
  170  16:10  Drone  
  173  16:16  Zergling x6  
  173  16:17  Zergling x4  
  174  16:20  Zergling x2  
  169  16:30  Infestor x2  
  155  16:55  Drone  
Show
View Real Time Build Order
Export as new Build Order

Starlord Protoss - Winner!

Build Orders: 1 Gate Expand 

Get SALT Encoding   

  12  0:01  Probe (Chrono Boost)  
  13  0:11  Probe (Chrono Boost)  
  14  0:19  Pylon  
  14  0:23  Probe (Chrono Boost)  
  15  0:37  Probe (Chrono Boost)  
  15  0:41  Gateway  
  16  0:46  Assimilator  
  16  0:48  Probe (Chrono Boost)  
  17  0:59  Probe (Chrono Boost)  
  18  1:09  Probe (Chrono Boost)  
  19  1:23  Nexus  
  19  1:33  Cybernetics Core  
  19  1:37  Probe (Chrono Boost)  
  20  1:47  Assimilator  
  20  1:48  Probe (Chrono Boost)  
  20  1:53  Pylon  
  21  1:58  Probe (Chrono Boost)  
  22  2:08  Adept  
  22  2:10  Probe (Chrono Boost)  
  22  2:11  Warp Gate  
  25  2:22  Probe (Chrono Boost)  
  26  2:29  Twilight Council  
  26  2:32  Zealot  
  26  2:34  Probe (Chrono Boost)  
  26  2:36  Probe (Chrono Boost)  
  30  2:46  Probe (Chrono Boost)  
  30  2:47  Probe (Chrono Boost)  
  32  2:55  Charge  
  32  2:57  Zealot, Probe (Chrono Boost)  
  34  2:58  Probe (Chrono Boost)  
  36  3:12  Probe (Chrono Boost)  
  37  3:22  Probe (Chrono Boost)  
  37  3:24  Probe (Chrono Boost)  
  39  3:31  Gateway  
  39  3:33  Gateway, Probe (Chrono Boost)  
  40  3:40  Probe (Chrono Boost)  
  41  3:42  Pylon  
  41  3:45  Zealot  
  43  3:50  Probe (Chrono Boost)  
  43  3:52  Probe (Chrono Boost)  
  45  3:57  Pylon  
  45  4:00  Probe (Chrono Boost)  
  46  4:07  Nexus  
  46  4:14  Mothership Core (Chrono Boost)  
  48  4:18  Probe (Chrono Boost)  
  47  4:32  Zealot x3  
  47  4:37  Probe (Chrono Boost)  
  55  4:38  Robotics Facility, Probe (Chrono Boost)  
  55  4:47  Pylon  
  55  4:48  Probe (Chrono Boost)  
  55  4:50  Probe (Chrono Boost)  
  55  4:51  Pylon, Assimilator  
  57  4:53  Zealot  
  57  4:54  Assimilator  
  57  4:56  Zealot  
  61  5:00  Probe (Chrono Boost)  
  63  5:07  Probe (Chrono Boost)  
  63  5:11  Probe (Chrono Boost)  
  63  5:12  Zealot, Forge  
  64  5:22  Immortal  
  68  5:28  Robotics Facility  
  68  5:29  Zealot  
  68  5:30  Zealot  
  68  5:32  Protoss Ground Weapons Level 1  
  74  5:36  Probe x2 (Chrono Boost)  
  74  5:37  Sentry  
  74  5:40  Probe (Chrono Boost)  
  77  5:47  Probe (Chrono Boost)  
  77  5:48  Probe (Chrono Boost)  
  79  5:51  Probe (Chrono Boost)  
  79  5:54  Gateway x2  
  80  6:01  Pylon  
  80  6:06  Sentry x2  
  84  6:14  Probe (Chrono Boost), Immortal  
  84  6:15  Assimilator  
  84  6:17  Pylon  
  85  6:20  Pylon  
  85  6:21  Probe (Chrono Boost)  
  85  6:23  Pylon  
  90  6:27  Gateway  
  90  6:29  Gateway  
  91  6:33  Probe (Chrono Boost)  
  91  6:41  Warp Prism  
  91  6:42  Probe (Chrono Boost)  
  91  6:44  Probe (Chrono Boost)  
  91  6:45  Probe (Chrono Boost)  
  91  6:46  Assimilator  
  96  6:53  Probe (Chrono Boost)  
  95  6:55  Observer  
  95  6:56  Probe (Chrono Boost)  
  98  7:01  Probe (Chrono Boost)  
  98  7:03  Probe (Chrono Boost)  
  98  7:06  Templar Archives  
  98  7:08  Probe (Chrono Boost)  
  100  7:13  Probe (Chrono Boost)  
  100  7:15  Sentry x2  
  103  7:18  Protoss Ground Weapons Level 2  
  103  7:22  Immortal  
  109  7:31  Zealot x3  
  115  7:39  Gateway  
  115  7:40  Gateway  
  115  7:43  Gateway  
  115  7:45  Pylon  
  115  7:51  Pylon  
  115  7:58  Zealot  
  117  8:04  Immortal  
  121  8:10  High Templar x2  
  121  8:12  High Templar x2  
  121  8:16  Archon  
  121  8:18  Archon  
  117  8:26  Immortal  
  109  8:28  High Templar x2  
  109  8:30  Zealot  
  109  8:32  Archon  
  113  8:37  Dark Shrine  
  113  8:46  Nexus  
  109  8:49  Pylon  
  109  8:50  High Templar x2  
  109  8:52  Pylon  
  109  8:53  Zealot x3  
  109  8:54  Pylon  
  119  9:02  Archon  
  119  9:09  High Templar x2  
  113  9:16  Archon  
  95  9:20  High Templar  
  95  9:22  Nexus, High Templar  
  95  9:23  Zealot x6  
  109  9:24  Pylon  
  109  9:27  Archon  
  109  9:29  Immortal  
  107  9:31  Pylon  
  107  9:35  Immortal  
  103  9:42  High Templar  
  103  9:43  High Templar  
  103  9:55  Dark Templar x2  
  103  9:59  High Templar x3  
  113  10:00  Zealot x5  
  113  10:03  Immortal  
  113  10:05  Archon  
  123  10:09  Assimilator  
  123  10:14  Assimilator  
  127  10:17  Gateway  
  127  10:19  Gateway  
  127  10:21  High Templar  
  127  10:22  Gateway, Psionic Storm  
  127  10:23  Nexus  
  127  10:26  Archon  
  127  10:36  Dark Templar x2  
  127  10:42  Protoss Ground Weapons Level 3  
  119  10:45  Observer  
  119  10:47  Zealot x7  
  117  10:57  Zealot  
  113  11:06  Assimilator  
  113  11:08  Probe (Chrono Boost)  
  113  11:09  Assimilator  
  114  11:16  Nexus  
  114  11:17  Dark Templar  
  114  11:20  Zealot x2  
  118  11:32  High Templar  
  110  11:37  Dark Templar  
  107  11:44  Probe x2 (Chrono Boost)  
  107  11:45  Probe (Chrono Boost)  
  106  11:55  High Templar  
  106  12:01  Probe (Chrono Boost)  
  108  12:02  Probe (Chrono Boost)  
  108  12:04  Probe (Chrono Boost)  
  108  12:06  Pylon  
  109  12:10  Dark Templar  
  109  12:11  Probe (Chrono Boost)  
  109  12:14  Probe (Chrono Boost)  
  113  12:20  Immortal  
  115  12:22  High Templar  
  115  12:23  High Templar  
  119  12:39  High Templar x2  
  119  12:44  Warp Prism  
  114  12:52  Probe (Chrono Boost)  
  114  12:54  Nexus  
  114  12:57  Photon Cannon x2  
  114  12:58  Photon Cannon  
  114  13:00  Probe (Chrono Boost)  
  114  13:01  Probe (Chrono Boost)  
  114  13:05  Archon  
  116  13:09  Immortal  
  116  13:26  Zealot x5  
  114  13:38  Nexus, Probe (Chrono Boost)  
  114  13:40  Probe (Chrono Boost)  
  114  13:41  High Templar  
  114  13:42  High Templar x2  
  114  13:43  High Templar  
  114  13:45  High Templar  
  114  13:46  Archon  
  124  13:48  Archon  
  124  13:57  Probe x3 (Chrono Boost)  
  124  13:59  Probe (Chrono Boost)  
  124  14:02  High Templar x2  
  132  14:08  Probe (Chrono Boost), Immortal  
  138  14:11  Probe (Chrono Boost), Archon  
  138  14:15  Dark Templar  
  140  14:17  Zealot  
  140  14:21  Dark Templar  
  144  14:38  Probe (Chrono Boost)  
  144  14:39  Probe (Chrono Boost)  
  141  14:52  Dark Templar x2  
  143  14:58  High Templar x3  
  143  14:59  High Templar  
  152  15:00  Probe x2 (Chrono Boost)  
  152  15:01  Probe (Chrono Boost)  
  152  15:04  Photon Cannon  
  152  15:06  Archon x2  
  152  15:09  Zealot x3  
  150  15:27  High Templar x2  
  150  15:28  High Templar x2  
  137  15:33  Nexus  
  133  15:46  Archon x2  
  133  15:48  Stalker x7  
  139  15:59  Zealot  
  139  16:00  Dark Templar  
  143  16:05  Dark Templar  
  126  16:23  Nexus, Stalker x5  
  125  16:35  Probe (Chrono Boost)  
  125  16:37  Probe (Chrono Boost)  
  123  16:59  High Templar x3  
  123  17:00  High Templar  
Tags
 
Add a new tag
Caveats
  • Supply blocks, unpowered buildings, or Contaminate may cause inaccurate times.
  • Supply counts are checked every 10 seconds.